 Dungeon Crawl Stone Soup version 0.23.2 (webtiles) character file.

Game seed: 17527622434896484485

47 Borgoz the Ducker (level 3, -1/30 HPs)
             Began as a Ghoul Gladiator on Apr 4, 2019.
             Slain by an iguana (4 damage)
             ... on level 3 of the Dungeon.
             The game lasted 00:00:58 (1722 turns).

Borgoz the Ducker (Ghoul Gladiator)                 Turns: 1722, Time: 00:00:58

Health: -1/30      AC:  4    Str: 17    XL:     3   Next: 70%
Magic:  2/2        EV: 12    Int:  3    God:
Gold:   79         SH:  0    Dex: 11    Spells: 2/2 levels left

rFire    . . .     SeeInvis .   a - +0 rapier
rCold    + . .     Gourm    .   (no shield)
rNeg     + + +     Faith    .   b - +0 leather armour
rPois    ∞         Spirit   .   c - +0 helmet
rElec    .         Reflect  .   (no cloak)
rCorr    .         Harm     .   (no gloves)
MR       .....                  (no boots)
Stlth    +.........             (no amulet)
HPRegen  0.00/turn              (no ring)
MPRegen  0.08/turn              (no ring)

@: rotting
A: rotting body, claws 1, carnivore, cold resistance 1, negative energy
resistance 3, inhibited regeneration, torment resistance, unbreathing
a: no special abilities


You were on level 3 of the Dungeon.
You were not hungry.

You visited 1 branch of the dungeon, and saw 3 of its levels.

You collected 79 gold pieces.

Inventory:

Hand Weapons
 a - a +0 rapier (weapon)
Missiles
 d - 3 throwing nets (quivered)
Armour
 b - a +0 leather armour (worn)
 c - a +0 helmet (worn)
Scrolls
 j - a scroll of fog {unknown}
 l - 2 scrolls of identify {unknown}
 m - a scroll of fear {unknown}
 n - a scroll of blinking {unknown}
Potions
 e - a potion of heal wounds {unknown}
 g - 2 potions of agility {unknown}
 h - 2 potions of curing {unknown}
 i - a potion of mutation {unknown}
Comestibles
 f - 4 rations


   Skills:
 + Level 2.5 Fighting
 * Level 3.1 Short Blades
 - Level 1.7 Throwing
 * Level 1.2 Armour
 * Level 3.1 Dodging
 + Level 1.0 Stealth


You had 2 spell levels left.
You didn't know any spells.
Your spell library was empty.

Dungeon Overview and Level Annotations

Branches:
Dungeon (3/15)

Altars:
Nemelex Xobeh


Innate Abilities, Weirdness & Mutations

Your body is rotting away.
You thrive on raw meat.
You are immune to poison.
You have sharp fingernails.
You are carnivorous and can eat meat at any time.
Your flesh is cold resistant. (rC+)
You are immune to negative energy. (rN+++)
You do not regenerate when monsters are visible.
You are immune to unholy pain and torment.
You can survive without breathing.


Message History

You are too injured to fight recklessly!
You are too injured to fight recklessly!
You are too injured to fight recklessly!
You are too injured to fight recklessly!
You are too injured to fight recklessly!
You are too injured to fight recklessly!
You are too injured to fight recklessly!
You are too injured to fight recklessly!
You are too injured to fight recklessly!
You are too injured to fight recklessly!
You are too injured to fight recklessly!
You hit the iguana.
The iguana is heavily wounded.
The iguana bites you but does no damage.
You hit the iguana but do no damage.
The iguana is heavily wounded.
The iguana bites you!
* * * LOW HITPOINT WARNING * * *
The iguana bites you.
You die...

# #.###
#....######
.#.....w.l@#
"......)####
........#
........#
........#
......###
#.....
...#..
..###.


You could see a worm and an iguana.

Vanquished Creatures
  2 adders (D:2)
  An ooze (D:1)
  2 worms (D:2)
  A leopard gecko (D:1)
  An orc (D:3)
  A goblin (D:1)
  5 jackals (D:2)
  2 bats (D:2)
  A kobold (D:1)
  4 rats
20 creatures vanquished.

Notes
Turn   | Place    | Note
-------+----------+-------------------------------------------
     0 | D:1      | Borgoz the Ghoul Gladiator began the quest for the Orb.
     0 | D:1      | Reached XP level 1. HP: 17/17 MP: 0/0
     6 | D:1      | Noticed an anaconda
     6 | D:1      | Noticed a swamp worm
     6 | D:1      | Noticed a worker ant
     7 | D:1      | Noticed a polar bear
     7 | D:1      | Noticed a rime drake
   331 | D:1      | Reached XP level 2. HP: 24/24 MP: 1/1
   931 | D:2      | Reached skill level 1 in Armour
   931 | D:2      | Reached XP level 3. HP: 8/30 MP: 2/2
  1199 | D:2      | Found a sparkling altar of Nemelex Xobeh.
  1424 | D:2      | Reached skill level 1 in Stealth
  1722 | D:3      | Slain by an iguana

Skill      XL: |  1  2  3 |
---------------+----------+-----
Short Blades   | 3 |  3.1
Armour         | 1 |  1.2
Dodging        | 3 |  3.1
Stealth        | 1 |  1.0
Fighting       | |  2.5
Throwing       | |  1.7

Action                   || total
-------------------------++-------
Melee: Rapier            ||    90
 Stab: Sleeping          ||     1
  Eat: Chunk             ||     3
Armor: Leather armour    ||    18
Dodge: Dodged            ||    50
